BSA
POCATELLO BOCCABELLAS @ KALAMAZOO ROYALE WITH CHEESE
09/04/2026
 
TOP OF THE 1ST
Pocatello Boccabellas batting - Pitching for Kalamazoo Royale with Cheese : RHP Eric Richards
Pitching: RHP Eric Richards
Batting: RHB José García 0-0: Ball
1-0: Ball
2-0: Fly out, F9 (Line Drive, 9LM)
Batting: LHB Norberto Muñóz 0-0: Called Strike
0-1: Ball
1-1: Foul Ball, location: 2F
1-2: Foul Ball, location: 2F
1-2: Foul Ball, location: 2F
1-2: Ball
2-2: Fly out, F8 (Flyball, 78M)
Batting: RHB Marlon Phipps 0-0: Ball
1-0: Ball
2-0: Foul Ball, location: 2F
2-1: Swinging Strike
2-2: Strikes out looking
Top of the 1st over - 0 run(s), 0 hit(s), 0 error(s), 0 left on base; Pocatello 0 - Kalamazoo 0
BOTTOM OF THE 1ST
Kalamazoo Royale with Cheese batting - Pitching for Pocatello Boccabellas : RHP Kevin Bush
Pitching: RHP Kevin Bush
Batting: RHB Fernando Martínez 0-0: Foul Ball, location: 2F
0-1: DOUBLE (Line Drive, 5D)
Batting: LHB Robinson Fernández 0-0: Ball
1-0: Called Strike
1-1: Ball
2-1: Swinging Strike
2-2: Foul Ball, location: 2F
2-2: Strikes out looking
Batting: LHB William Ruffo 0-0: Ball
1-0: Swinging Strike
1-1: Swinging Strike
1-2: Ball
2-2: Fly out, F8 (Line Drive, 8LXD)
Runner from 2nd tags up, SAFE at 3rd, no throw
Batting: LHB Seung-woo Yi 0-0: Ball
1-0: Ball
2-0: Called Strike
2-1: Foul Ball, location: 2F
2-2: Fly out, F8 (Flyball, 8LM)
Bottom of the 1st over - 0 run(s), 1 hit(s), 0 error(s), 1 left on base; Pocatello 0 - Kalamazoo 0
TOP OF THE 2ND
Pocatello Boccabellas batting - Pitching for Kalamazoo Royale with Cheese : RHP Eric Richards
Batting: LHB Juan Cortés 0-0: Called Strike
0-1: Ball
1-1: Called Strike
1-2: Strikes out swinging
Batting: RHB Francisco Sandoval 0-0: Foul Ball, location: 2F
0-1: Ground out 4-3 (Groundball, 4M)
Batting: RHB Pedro Guzmán 0-0: DOUBLE (Flyball, 78XD)
Batting: RHB José Delgado 0-0: Ball
1-0: Fly out, F8 (Flyball, 8RM)
Top of the 2nd over - 0 run(s), 1 hit(s), 0 error(s), 1 left on base; Pocatello 0 - Kalamazoo 0
BOTTOM OF THE 2ND
Kalamazoo Royale with Cheese batting - Pitching for Pocatello Boccabellas : RHP Kevin Bush
Batting: RHB Run-ming Zhu 0-0: Called Strike
0-1: Swinging Strike
0-2: Strikes out swinging
Batting: RHB Miguel Encarnación 0-0: Bunt missed!
0-1: Ball
1-1: Foul Ball, location: 2F
1-2: Fly out, F5 (Line Drive, 56)
Batting: RHB Arturo Rodríguez 0-0: Called Strike
0-1: Called Strike
0-2: Foul Ball, location: 2F
0-2: Foul Ball, location: 2F
0-2: Ball
1-2: Ball
2-2: Ball
3-2: Ground out 6-3 (Groundball, 6)
Bottom of the 2nd over - 0 run(s), 0 hit(s), 0 error(s), 0 left on base; Pocatello 0 - Kalamazoo 0
TOP OF THE 3RD
Pocatello Boccabellas batting - Pitching for Kalamazoo Royale with Cheese : RHP Eric Richards
Batting: RHB Chris Parker 0-0: Fly out, F8 (Line Drive, 8RM)
Batting: SHB Guillermo Ortíz 0-0: Foul Ball, location: 2F
0-1: Ball
1-1: Swinging Strike
1-2: Ball
2-2: Ball
3-2: Foul Ball, location: 2F
3-2: Foul Ball, location: 2F
3-2: Strikes out swinging
Batting: RHB José García 0-0: Ball
1-0: SINGLE (Flyball, 7S)
Batting: LHB Norberto Muñóz 0-0: Ball
1-0: Ball
2-0: Called Strike
José García is caught stealing 2nd base
Top of the 3rd over - 0 run(s), 1 hit(s), 0 error(s), 0 left on base; Pocatello 0 - Kalamazoo 0
BOTTOM OF THE 3RD
Kalamazoo Royale with Cheese batting - Pitching for Pocatello Boccabellas : RHP Kevin Bush
Batting: RHB Jorge Márquez 0-0: Ball
1-0: Ball
2-0: Called Strike
2-1: Ball
3-1: Foul Ball, location: 2F
3-2: Fly out, F3 (Popup, 3DF)
Batting: RHB Andy Aiton 0-0: Foul Ball, location: 2F
0-1: Called Strike
0-2: Ball
1-2: Fly out, F6 (Line Drive, 56)
Batting: RHB Fernando Martínez 0-0: Swinging Strike
0-1: Foul Ball, location: 2F
0-2: Strikes out swinging
Bottom of the 3rd over - 0 run(s), 0 hit(s), 0 error(s), 0 left on base; Pocatello 0 - Kalamazoo 0
TOP OF THE 4TH
Pocatello Boccabellas batting - Pitching for Kalamazoo Royale with Cheese : RHP Eric Richards
Batting: LHB Norberto Muñóz 0-0: Bunt missed!
0-1: Ball
1-1: Swinging Strike
1-2: Foul Ball, location: 2F
1-2: Ball
2-2: Ball
3-2: Base on Balls
Batting: RHB Marlon Phipps 0-0: Called Strike
0-1: Called Strike
0-2: Grounds into double play, 5-4-3 (Groundball, 5)
Batting: LHB Juan Cortés 0-0: Ball
1-0: Swinging Strike
1-1: Called Strike
1-2: Ball
2-2: Strikes out swinging
Top of the 4th over - 0 run(s), 0 hit(s), 0 error(s), 0 left on base; Pocatello 0 - Kalamazoo 0
BOTTOM OF THE 4TH
Kalamazoo Royale with Cheese batting - Pitching for Pocatello Boccabellas : RHP Kevin Bush
Batting: LHB Robinson Fernández 0-0: Called Strike
0-1: Ball
1-1: Ball
2-1: Ground out 6-3 (Groundball, 6)
Batting: LHB William Ruffo 0-0: Foul Ball, location: 2F
0-1: Swinging Strike
0-2: Ball
1-2: Foul Ball, location: 2F
1-2: Strikes out looking
Batting: LHB Seung-woo Yi 0-0: Ball
1-0: Called Strike
1-1: Called Strike
1-2: Ground out 6-3 (Groundball, 6M)
Bottom of the 4th over - 0 run(s), 0 hit(s), 0 error(s), 0 left on base; Pocatello 0 - Kalamazoo 0
TOP OF THE 5TH
Pocatello Boccabellas batting - Pitching for Kalamazoo Royale with Cheese : RHP Eric Richards
Batting: RHB Francisco Sandoval 0-0: Ball
1-0: Swinging Strike
1-1: Fly out, F8 (Line Drive, 8LM)
Batting: RHB Pedro Guzmán 0-0: Called Strike
0-1: Foul Ball, location: 2F
0-2: Ball
1-2: Ground out 5-3 (Groundball, 5L)
Batting: RHB José Delgado 0-0: Ball
1-0: Ball
2-0: Called Strike
2-1: Ground out 4-3 (Groundball, 4MS)
Top of the 5th over - 0 run(s), 0 hit(s), 0 error(s), 0 left on base; Pocatello 0 - Kalamazoo 0
BOTTOM OF THE 5TH
Kalamazoo Royale with Cheese batting - Pitching for Pocatello Boccabellas : RHP Kevin Bush
Batting: RHB Run-ming Zhu 0-0: Ball
1-0: Swinging Strike
1-1: Ball
2-1: Ball
3-1: Ground out 5-3 (Groundball, 56)
Batting: RHB Miguel Encarnación 0-0: Called Strike
0-1: Swinging Strike
0-2: Ball
1-2: Foul Ball, location: 2F
1-2: Ground out 6-3 (Groundball, 6M)
Batting: RHB Arturo Rodríguez 0-0: Ground out 5-3 (Groundball, 15S)
Bottom of the 5th over - 0 run(s), 0 hit(s), 0 error(s), 0 left on base; Pocatello 0 - Kalamazoo 0
TOP OF THE 6TH
Pocatello Boccabellas batting - Pitching for Kalamazoo Royale with Cheese : RHP Eric Richards
Batting: RHB Chris Parker 0-0: Ball
1-0: Ball
2-0: Fly out, F8 (Flyball, 8LD)
Batting: SHB Guillermo Ortíz 0-0: Ball
1-0: Called Strike
1-1: Swinging Strike
1-2: Fly out, F7 (Flyball, 7M)
Batting: RHB José García 0-0: Ball
1-0: Ball
2-0: Ground out 6-3 (Groundball, 6)
Top of the 6th over - 0 run(s), 0 hit(s), 0 error(s), 0 left on base; Pocatello 0 - Kalamazoo 0
BOTTOM OF THE 6TH
Kalamazoo Royale with Cheese batting - Pitching for Pocatello Boccabellas : RHP Kevin Bush
Batting: RHB Jorge Márquez 0-0: Ball
1-0: SINGLE (Line Drive, 4MD)
Batting: RHB Andy Aiton 0-0: Ball
1-0: Ball
2-0: Foul Ball, location: 2F
2-1: Called Strike
2-2: Ball
Jorge Márquez is caught stealing 2nd base
3-2: SINGLE (Groundball, 56D)
Batting: RHB Fernando Martínez 0-0: Called Strike
0-1: Fly out, F6 (Line Drive, 6)
Batting: LHB Robinson Fernández 0-0: Called Strike
0-1: Ball
1-1: DOUBLE (Line Drive, 5L)
Andy Aiton to third
Batting: LHB William Ruffo 0-0: Ball
1-0: Ball
2-0: Swinging Strike
2-1: Swinging Strike
2-2: Strikes out swinging
Bottom of the 6th over - 0 run(s), 3 hit(s), 0 error(s), 2 left on base; Pocatello 0 - Kalamazoo 0
TOP OF THE 7TH
Pocatello Boccabellas batting - Pitching for Kalamazoo Royale with Cheese : RHP Eric Richards
Batting: LHB Norberto Muñóz 0-0: Called Strike
0-1: Ball
1-1: Swinging Strike
1-2: Foul Ball, location: 2F
1-2: Ground out 4-3 (Groundball, 4M)
Batting: RHB Marlon Phipps 0-0: Ball
1-0: Ball
2-0: Ball
3-0: Base on Balls
Batting: LHB Juan Cortés 0-0: Fielders Choice at 2nd, 6-4 (Groundball, 6M)
Batting: RHB Francisco Sandoval 0-0: Ball
1-0: Foul Ball, location: 2F
1-1: Ball
2-1: Swinging Strike
2-2: Strikes out swinging
Top of the 7th over - 0 run(s), 0 hit(s), 0 error(s), 1 left on base; Pocatello 0 - Kalamazoo 0
BOTTOM OF THE 7TH
Kalamazoo Royale with Cheese batting - Pitching for Pocatello Boccabellas : RHP Kevin Bush
Batting: LHB Seung-woo Yi 0-0: Called Strike
0-1: Called Strike
0-2: Ball
1-2: Ball
2-2: Fly out, F7 (Flyball, 78M)
Batting: RHB Run-ming Zhu 0-0: Called Strike
0-1: Fly out, F7 (Flyball, 7D)
Batting: RHB Miguel Encarnación 0-0: Ball
1-0: Ball
2-0: Foul Ball, location: 2F
2-1: Foul Ball, location: 2F
2-2: Fly out, F8 (Flyball, 8RD)
Bottom of the 7th over - 0 run(s), 0 hit(s), 0 error(s), 0 left on base; Pocatello 0 - Kalamazoo 0
TOP OF THE 8TH
Pocatello Boccabellas batting - Pitching for Kalamazoo Royale with Cheese : RHP Eric Richards
Batting: RHB Pedro Guzmán 0-0: Called Strike
0-1: Foul Ball, location: 2F
0-2: Ball
1-2: Strikes out looking
Batting: RHB José Delgado 0-0: Foul Ball, location: 2F
0-1: Hit by Pitch
Pitching: RHP António Ojeda
Pinch Hitting: LHB David Monahan 0-0: Foul Ball, location: 2F
0-1: Swinging Strike
0-2: Ball
1-2: Ball
2-2: Ball
3-2: 2-RUN HOME RUN (Flyball, 9D), Distance : 374 ft
Batting: SHB Guillermo Ortíz 0-0: SOLO HOME RUN (Flyball, 8RXD), Distance : 443 ft
Batting: RHB José García 0-0: Fly out, F3 (Popup, 34)
Batting: LHB Norberto Muñóz 0-0: Ball
1-0: Foul Ball, location: 2F
1-1: Ball
2-1: Ground out 4-3 (Groundball, 4)
Top of the 8th over - 3 run(s), 2 hit(s), 0 error(s), 0 left on base; Pocatello 3 - Kalamazoo 0
BOTTOM OF THE 8TH
Kalamazoo Royale with Cheese batting - Pitching for Pocatello Boccabellas : RHP Kevin Bush
Now at SS: Fabrice Brodeur
Batting: RHB Arturo Rodríguez 0-0: Foul Ball, location: 2F
0-1: Foul Ball, location: 2F
0-2: Ground out 5-3 (Groundball, 5L)
Batting: RHB Jorge Márquez 0-0: Ball
1-0: Ball
2-0: Fly out, F8 (Flyball, 8RM)
Batting: RHB Andy Aiton 0-0: Ball
1-0: Called Strike
1-1: Ball
2-1: Ball
3-1: Bunt for hit - play at first, batter safe!
Pitching: RHP Jaime Espinoza
Batting: RHB Fernando Martínez 0-0: Ground out 4-3 (Groundball, 4)
Bottom of the 8th over - 0 run(s), 1 hit(s), 0 error(s), 1 left on base; Pocatello 3 - Kalamazoo 0
TOP OF THE 9TH
Pocatello Boccabellas batting - Pitching for Kalamazoo Royale with Cheese : RHP António Ojeda
Batting: RHB Marlon Phipps 0-0: Ground out 6-3 (Groundball, 6M)
Batting: LHB Juan Cortés 0-0: Swinging Strike
0-1: Foul Ball, location: 2F
0-2: Ball
1-2: Ball
2-2: Foul Ball, location: 2F
2-2: Foul Ball, location: 2F
2-2: Ball
3-2: Strikes out swinging
Batting: RHB Francisco Sandoval 0-0: Ball
1-0: Ball
2-0: Swinging Strike
2-1: Swinging Strike
2-2: DOUBLE (Line Drive, 8LXD)
Batting: RHB Pedro Guzmán 0-0: Ball
1-0: Called Strike
1-1: Foul Ball, location: 2F
1-2: Ball
2-2: Ball
3-2: Strikes out swinging
Top of the 9th over - 0 run(s), 1 hit(s), 0 error(s), 1 left on base; Pocatello 3 - Kalamazoo 0
BOTTOM OF THE 9TH
Kalamazoo Royale with Cheese batting - Pitching for Pocatello Boccabellas : RHP Jaime Espinoza
Pitching: RHP Mike Pierce
Batting: LHB Robinson Fernández 0-0: Called Strike
0-1: Swinging Strike
0-2: Strikes out looking
Batting: LHB William Ruffo 0-0: Ball
1-0: Ball
2-0: Ball
3-0: Base on Balls
Batting: LHB Seung-woo Yi 0-0: Foul Ball, location: 2F
0-1: Fly out, F7 (Flyball, 7LMF)
Batting: RHB Run-ming Zhu 0-0: Called Strike
0-1: Fly out, F9 (Flyball, 89M)
Bottom of the 9th over - 0 run(s), 0 hit(s), 0 error(s), 1 left on base; Pocatello 3 - Kalamazoo 0
Monday, December 5th, 2016 - OOTP Baseball 17.12 Build 75